 Dungeon Crawl Stone Soup version 0.27.0-1-g7a089689b8 (webtiles) character file.

Game seed: 12249680911346865495

1427 trckry the Arsonist (level 8, -5/43 HPs)
             Began as a Deep Elf Fire Elementalist on July 31, 2021.
             Was an Initiate of Vehumet.
             Slain by a killer bee (6 damage)
             ... on level 6 of the Dungeon.
             The game lasted 00:22:39 (9347 turns).

trckry the Arsonist (Deep Elf Fire Elementalist)    Turns: 9347, Time: 00:22:39

Health: -5/43      AC:  3    Str:  7    XL:     8   Next: 44%
Magic:  17/17      EV: 13    Int: 21    God:    Vehumet [......]
Gold:   201        SH:  0    Dex: 15    Spells: 8/17 levels left

rFire    . . .     SeeInvis .   (no weapon)
rCold    . . .     Faith    .   (no shield)
rNeg     . . .     Spirit   .   a - +0 robe
rPois    .         Reflect  .   (no helmet)
rElec    .         Harm     .   (no cloak)
rCorr    .         Rampage  .   (no gloves)
Will     .....                  b - +0 pair of boots
Stlth    ++........             (no amulet)
HPRegen  0.14/turn              (no ring)
MPRegen  0.15/turn              (no ring)

@: brilliant, lethally poisoned (-5 -> -7), hasted, very quick
A: no striking features
a: Renounce Religion


You were on level 6 of the Dungeon.
You worshipped Vehumet.
Vehumet was noncommittal.
You visited 2 branches of the dungeon, and saw 8 of its levels.
You also visited: Sewer.

You collected 201 gold pieces.

Inventory:

Missiles
 o - 13 poisoned darts (quivered)
Armour
 a - a +0 robe (worn)
 b - a +0 pair of boots (worn)
Wands
 r - a wand of digging (5)
Scrolls
 c - 3 scrolls of teleportation {unknown}
 f - 3 scrolls of immolation {unknown}
 g - 2 scrolls of enchant armour {unknown}
 k - a scroll of fog {unknown}
 l - a scroll of enchant weapon {unknown}
 m - 2 scrolls of fear {unknown}
 n - a scroll of blinking {unknown}
 p - 4 scrolls of identify {unknown}
 q - 3 scrolls of amnesia {unknown}
 t - a scroll of noise {unknown}
Potions
 e - 5 potions of might
 h - a potion of heal wounds {unknown}
 i - a potion of magic {unknown}
 s - a potion of mutation {unknown}
 u - a potion of cancellation
 v - a potion of ambrosia {unknown}


   Skills:
 + Level 1.1 Fighting
 + Level 3.1 Dodging
 - Level 2.4 Stealth
 - Level 5.0 Spellcasting
 * Level 7.4 Conjurations
 * Level 8.3 Fire Magic


You had 8 spell levels left.
You knew the following spells:

 Your Spells              Type           Power      Damage    Failure   Level
a - Foxfire               Conj/Fire      100%       2x1d9     1%          1
b - Conjure Flame         Conj/Fire      55%        6-21      1%          3
c - Fireball              Conj/Fire      27%        3d12      12%         5

Your spell library contained the following spells:

 Spells                   Type           Power      Damage    Failure   Level
 Sticky Flame             Conj/Fire      55%        2d7       4%          4
 Inner Flame              Hex/Fire       34%        N/A       6%          3
 Corona                   Hex            7%         N/A       11%         1
 Ensorcelled Hibernation  Hex/Ice        14%        N/A       16%         2
 Fulminant Prism          Conj/Hex       15%        3d11      24%         4
 Iskenderun's Mystic Bla  Conj/Tloc      31%        2d8       24%         4
 Tukima's Dance           Hex            7%         N/A       32%         3
 Lee's Rapid Deconstruct  Erth           3%         3d6*      96%         5


Dungeon Overview and Level Annotations

Branches:
Dungeon (7/15)             Temple (1/1) D:6           Sewer (visited)

Altars:
Ashenzari
Dithmenos
Elyvilon
Fedhas
Hepliaklqana
Kikubaaqudgha
Makhleb
Nemelex Xobeh
Okawaru
Qazlal
Ru
Sif Muna
Trog
Uskayaw
Vehumet
Wu Jian
Xom
Yredelemnul
Zin
The Shining One

Annotations:
D:5 2 runed translucent doors, shadowrider38's ghost, novice MiBe


Message History

Aiming: Dig
Press: ? - help, Shift-Dir - straight line A rock wall.
The rock shatters into small pieces.
The killer bee stings you.
The orc wizard hits you with a +0 dagger.
The killer bee misses you. The orc hits you but does no damage.
The orc wizard hits you with a +0 dagger.
The killer bee stings you.
You are poisoned.
The killer bee poisons you! The orc hits you with a +0 short sword.
You feel very sick. The killer bee stings you.
It was a potion of might.
You feel very mighty all of a sudden.
You feel sick. The killer bee closely misses you.
The killer bee barely misses you.
It was a potion of cancellation.
Your magical effects are unravelling.
You feel magically purged.
You feel a little less mighty now.
You feel sick. The killer bee closely misses you. The killer bee misses you.
Throw: 14 darts (poison)
Press: ? - help, Q - select action, (/) - cycle Shift-Dir - straight line, f - killer bee
Aim: a killer bee (26% to hit)
You throw a poisoned dart.
The poisoned dart barely misses the killer bee.
You feel sick. The killer bee stings you.
* * * LOW HITPOINT WARNING * * *
The killer bee stings you.
* * * LOW HITPOINT WARNING * * *
It was a potion of haste.
You feel yourself speed up.
You feel sick. The killer bee stings you.
* * * LOW HITPOINT WARNING * * *
The killer bee barely misses you.
Okay, then.
Unknown command.
It was a potion of brilliance.
You feel clever all of a sudden. The killer bee barely misses you.
The killer bee stings you.
You die...

#.# #...##.....#
##..# #.## #.#
###.####.###
##.#<#####.). ###.#
#.# #.#
#.#........## ....#
#.#
#.#####....#####.##
.#### #.#
#..........# #...
.# #.# #####.####.#
#.## .# #.##### #.#
#.# #.# .#
#.....##.# #.# #.#
.# #####.#@# #.#
#.# .# #oy#####
#.#####.# .#
#>.....# #.......#
.# ##o###.#
#(#####.# .#
#..##.# #.# #.# ##
##....####.#####.##
#
#.#...........#...
#
#..##..#...##...##
# ##..##..######..#


You could see a killer bee, an orc wizard and an orc.

Vanquished Creatures
  Grinder (D:6)
  An ice beast (D:6)
  2 ogres
  2 sky beasts
  A black bear (D:4)
  A centaur (D:6)
  A scorpion (D:5)
  A water moccasin skeleton (D:5)
  A vampire bat (D:6)
  A centaur skeleton (D:6)
  A hound (D:4)
  A gnoll shaman (D:5)
  2 iguanas
  Natasha (twice) (D:2)
  A howler monkey zombie (D:6)
  A howler monkey skeleton (D:4)
  9 adders
  6 gnolls
  An ufetubus (D:5)
  2 adder skeletons (D:4)
  A worm (D:3)
  3 dart slugs
  3 orcs
  4 ball pythons
  16 bats
  6 endoplasms
  12 giant cockroaches
  3 goblins
  7 hobgoblins
  9 jackals
  2 quokkas
  12 frilled lizards
  A jackal skeleton (D:4)
  15 kobolds
  4 rats
136 creatures vanquished.

Vanquished Creatures (collateral kills)
  11 foxfires
11 creatures vanquished.

Vanquished Creatures (others)
  566 foxfires
  26 plants
592 creatures vanquished.

Grand Total: 739 creatures vanquished

Notes
Turn   | Place    | Note
-------+----------+-------------------------------------------
     0 | D:1      | trckry the Deep Elf Fire Elementalist began the quest for
                  | the Orb.
     0 | D:1      | Reached XP level 1. HP: 10/10 MP: 6/6
   175 | D:1      | Reached XP level 2. HP: 15/15 MP: 6/8
   976 | D:1      | Reached XP level 3. HP: 19/19 MP: 3/9
  1148 | D:1      | Reached skill level 4 in Fire Magic
  1753 | D:2      | Learned a level 3 spell: Conjure Flame
  2138 | D:2      | Noticed Natasha
  2142 | D:2      | Killed Natasha
  2143 | D:2      | Reached XP level 4. HP: 20/24 MP: 6/11
  2505 | D:2      | Noticed Natasha
  2511 | D:2      | Killed Natasha
  2752 | D:2      | Reached XP level 5. HP: 28/28 MP: 7/13
  2913 | D:2      | Learned a level 5 spell: Fireball
  3184 | D:3      | Found a glowing drain.
  3201 | D:3      | Reached skill level 5 in Fire Magic
  3244 | Sewer    | Entered a sewer
  3904 | Sewer    | HP: 3/28 [cloud of steam (19)]
  4434 | D:3      | Found an iron altar of Okawaru.
  4617 | D:3      | Found a faded altar of an unknown god.
  5176 | D:4      | Noticed a black bear
  5228 | D:4      | Reached XP level 6. HP: 32/32 MP: 10/14
  5592 | D:4      | Found a bloodstained altar of Trog.
  5598 | D:4      | Found a hazy altar of Hepliaklqana.
  6213 | D:5      | Entered Level 5 of the Dungeon
  6386 | D:5      | Reached skill level 5 in Spellcasting
  6386 | D:5      | Reached skill level 5 in Conjurations
  6386 | D:5      | Reached skill level 6 in Fire Magic
  6437 | D:5      | Found a runed translucent door.
  6553 | D:5      | Found a glowing golden altar of the Shining One.
  6579 | D:5      | Reached XP level 7. HP: 36/36 MP: 7/16
  6882 | D:5      | Found an ancient bone altar of Kikubaaqudgha.
  7126 | D:5      | Reached skill level 7 in Fire Magic
  7168 | D:5      | Found a runed translucent door.
  7171 | D:5      | Noticed shadowrider38's ghost (novice MiBe)
  7557 | D:6      | Found a blossoming altar of Fedhas.
  7607 | D:6      | Found a staircase to the Ecumenical Temple.
  7616 | Temple   | Entered the Ecumenical Temple
  7886 | Temple   | Became a worshipper of Vehumet
  8153 | D:6      | Reached XP level 8. HP: 41/41 MP: 10/17
  8575 | D:6      | Reached skill level 8 in Fire Magic
  8900 | D:6      | Noticed Grinder
  8907 | D:6      | Paralysed by Grinder for 2 turns
  8920 | D:6      | Killed Grinder
  8921 | D:6      | Reached skill level 1 in Fighting
  9345 | D:6      | HP: 6/43 [killer bee (5)]
  9346 | D:6      | HP: 1/43 [killer bee (4)]
  9347 | D:6      | Slain by a killer bee

Illustrated notes

Levels and vault maps discovered:
D:1:      minmay_arrival_glassed_features, layout_loops_corners
D:2:      layout_basic, uniq_natasha
D:3:      layout_basic, okawaru_altar_gauntlet_db, gup_sewer_entry_glass,
          basic_ecumenical_altar
D:4:      layout_loops_ring, mainiacjoe_overflow_catwalk_spiral
D:5:      layout_basic, mainiacjoe_overflow_big_doors, ebering_ghost_sewer_f
D:6:      layout_loops_ring, mainiacjoe_overflow_paths,
          minmay_temple_entry_wispy, roderic_batcave, uniq_grinder
D:7:      layout_basic, grunt_gozag_statues, serial_glass, glass_columns_a,
          glass_columns_c, grunt_ministairs_10
Temple:   minmay_temple_curvy_branch

Skill      XL: |  1  2  3  4  5  6  7  8 |
---------------+-------------------------+-----
Conjurations   | 2 3 4 5 6 7 |  7.4
Fire Magic     | 4 5 6 7 8 |  8.3
Spellcasting   | 4 5 |  5.0
Fighting       | 1 |  1.1
Dodging        | 3 |  3.1
Stealth        | |  2.4

Action                   |  1- 3 |  4- 6 |  7- 9 || total
-------------------------+-------+-------+-------++-------
Melee: Unarmed           |       |     7 |       ||     7
Throw: Dart              |       |     1 |     1 ||     2
 Cast: Foxfire           |    97 |   170 |   101 ||   368
       Conjure Flame     |       |     3 |       ||     3
Evoke: Wand              |       |       |     2 ||     2
  Use: Potion            |       |       |     4 ||     4
Armor: Robe              |     4 |     3 |     4 ||    11
Dodge: Dodged            |    16 |    21 |    34 ||    71
